AoeStats
← bkg45

African Clearing

504348203Analyzed
4v4 RM · 27d ago on Sep 5, 2026· 47m 16s· 8 players
Game mode
Random Map
Map size
Large (8 player)
Population
200
Speed
Normal
Resources
Standard
Victory
Conquest
Starting age
Dark Age
Ending age
Imperial Age
RankedLock teamsTeams togetherTeam positionsShared explorationLock speedFull tech treeHidden civsTurbo modeCheats
Victory
Defeat
🇨🇦 Huns · Canada
1227
+15
🇺🇸 Franks · United States
1200
+17
🇺🇸 Malians · United States
1183
+17
🇺🇸 Mongols · United States
1143
+19
🇺🇸 Mongols · United States
1274
-19
🇦🇷 Vietnamese · Argentina
1223
-18
🇦🇺 Gurjaras · Australia
1212
-17
🇺🇸 Huns · United States
1136
-14
ggggidea
3:41 Loom
12:00 Feudal Age
12:53 Double-Bit Axe
15:18 Forging
19:55 Horse Collar
24:22 Castle Age
22:55 Stone Mining
23:59 Bloodlines
25:38 Wheelbarrow
25:23 Bow Saw
30:59 Heavy Plow
30:54 Gold Mining
32:19 Scale Barding Armor
32:50 Iron Casting
34:02 Hand Cart
35:57 Chain Barding Armor
39:13 Imperial Age
37:31 Pikeman
38:12 Squires
39:20 Cavalier
40:22 Halberdier
dong
7:17 Loom
14:10 Feudal Age
15:00 Double-Bit Axe
19:09 Castle Age
17:40 Gold Mining
18:22 Bloodlines
19:27 Forging
19:27 Scale Barding Armor
20:18 Bow Saw
20:40 Horse Collar
21:37 Heavy Plow
27:58 Chain Barding Armor
27:49 Forging
30:54 Wheelbarrow
32:23 Hand Cart
36:32 Stone Mining
37:58 Iron Casting
37:37 Husbandry
40:25 Town Watch
44:57 Imperial Age
43:54 Fletching
Jimi
8:36 Loom
12:03 Feudal Age
13:02 Double-Bit Axe
15:46 Horse Collar
19:57 Castle Age
20:51 Bow Saw
21:41 Gold Mining
21:57 Fletching
23:06 Gold Shaft Mining
27:36 Scale Mail Armor
31:56 Heavy Plow
33:29 Town Watch
35:04 Chain Mail Armor
36:43 Wheelbarrow
42:41 Imperial Age
41:07 Scale Barding Armor
41:13 Forging
41:43 Bloodlines
43:08 Chain Barding Armor
42:55 Heavy Camel Rider
44:36 Plate Barding Armor
44:55 Conscription
45:02 Husbandry
46:16 Iron Casting
Masacre
4:32 Loom
13:35 Feudal Age
18:01 Castle Age
16:17 Double-Bit Axe
19:11 Bloodlines
19:28 Fletching
26:35 Forging
29:25 Light Cavalry
31:13 Town Watch
31:49 Husbandry
33:33 Wheelbarrow
34:10 Iron Casting
33:40 Scale Barding Armor
33:51 Horse Collar
34:36 Hand Cart
36:31 Town Patrol
36:28 Stone Mining
37:00 Squires
37:02 Scale Mail Armor
37:24 Pikeman
38:42 Chain Mail Armor
41:24 Imperial Age
41:38 Bow Saw
43:37 Paper Money
42:41 Elite Fire Lancer
43:50 Arson
45:32 Plate Mail Armor
Howie
5:28 Loom
14:31 Feudal Age
21:34 Castle Age
19:47 Double-Bit Axe
23:08 Wheelbarrow
30:30 Horse Collar
35:30 Bow Saw
36:11 Hand Cart
35:43 Town Watch
36:08 Gold Mining
36:09 Stone Mining
38:23 Tigui
42:55 Imperial Age
41:06 Gold Shaft Mining
41:28 Heavy Plow
42:37 Squires
42:40 Scale Mail Armor
42:51 Forging
43:06 Elite Gbeto
43:40 Arson
44:13 Chain Mail Armor
47:23 Plate Mail Armor
47:29 Iron Casting
osteor10
4:16 Loom
13:42 Feudal Age
18:45 Castle Age
FEMALE INCA VILLAGER
6:37 Loom
14:20 Feudal Age
18:16 Castle Age
16:34 Double-Bit Axe
16:29 Horse Collar
25:53 Wheelbarrow
29:05 Scale Barding Armor
29:11 Forging
32:18 Imperial Age
30:52 Bow Saw
31:04 Chain Barding Armor
31:20 Iron Casting
31:43 Hand Cart
31:13 Town Watch
31:59 Bloodlines
31:51 Husbandry
32:07 Bloodlines
32:14 Gold Mining
32:28 Cavalier
33:29 Conscription
34:10 Plate Barding Armor
35:06 Blast Furnace
34:45 Gold Shaft Mining
34:52 Paladin
35:11 Capped Ram
37:23 Siege Ram
bkg45
12:40 Feudal Age
13:36 Loom
16:33 Castle Age
14:56 Double-Bit Axe
17:51 Bow Saw
24:29 Scale Mail Armor
25:12 Forging
28:32 Chain Mail Armor
33:53 Fletching
35:46 Wheelbarrow
35:46 Bodkin Arrow
36:13 Gold Mining
39:42 Imperial Age
37:27 Scale Barding Armor
38:37 Gold Shaft Mining
38:39 Chain Barding Armor
38:54 Hand Cart
39:38 Iron Casting
40:16 Husbandry
40:52 Ballistics
41:09 Plate Barding Armor
40:56 Conscription
41:55 Blast Furnace
40:45 Cavalier
42:09 Chivalry
41:42 Paladin
43:59 Town Watch
Connection lost

Rejoining the realm…

Still unreachable

The connection could not be restored.

Session expired

The server has moved on; the page needs a fresh start.